PAA
ASHEVILLE HIGHLANDERS @ LANNISTER UNITED LIONHEARTS
07/13/2029
 
TOP OF THE 1ST
Asheville Highlanders batting - Pitching for Lannister United Lionhearts : LHP Fernando Elías
Pitching: LHP Fernando Elías
Batting: RHB Esteban Olivo 0-0: Called Strike
0-1: Ball
1-1: Ball
2-1: Ground out U3 (Groundball, 3)
Batting: RHB Bob Miller 0-0: Fly out, F7 (Flyball, 7S)
Batting: RHB Enrique Rocha 0-0: Ball
1-0: Foul Ball, location: 2F
1-1: Swinging Strike
1-2: Ball
2-2: Strikes out swinging
Top of the 1st over - 0 runs, 0 hits, 0 errors, 0 left on base; Asheville 0 - Lannister United 0
BOTTOM OF THE 1ST
Lannister United Lionhearts batting - Pitching for Asheville Highlanders : RHP Toshiharu Kuhabara
Pitching: RHP Toshiharu Kuhabara
Batting: LHB Sting Ray Robb 0-0: Swinging Strike
0-1: Called Strike
0-2: Ball
1-2: Ball
2-2: Ground out 4-3 (Groundball, 4)
Batting: LHB Ashley Thachi 0-0: Called Strike
0-1: Fly out, F5 (Popup, 15)
Batting: RHB Mareka Naidoo 0-0: Called Strike
0-1: Fly out, F7 (Line Drive, 7S)
Bottom of the 1st over - 0 runs, 0 hits, 0 errors, 0 left on base; Asheville 0 - Lannister United 0
TOP OF THE 2ND
Asheville Highlanders batting - Pitching for Lannister United Lionhearts : LHP Fernando Elías
Batting: RHB Víctor Hernández 0-0: Called Strike
0-1: Foul Ball, location: 2F
0-2: Reached on error, E6 (Groundball, 6)
Batting: SHB Robert Hillier 0-0: Ball
1-0: Foul Ball, location: 2F
1-1: Foul Ball, location: 2F
1-2: Fly out, F9 (Flyball, 89S)
Batting: RHB Mario Jacome 0-0: Called Strike
0-1: Ball
1-1: Ball
2-1: Ball
3-1: Base on Balls
Víctor Hernández to second
Batting: RHB Marshall Attwood 0-0: Called Strike
Víctor Hernández steals 3rd base
Mario Jacome to second
0-1: Ball
1-1: Swinging Strike
1-2: Fly out, F6 (Flyball, 56D)
Batting: RHB Ron Spence 0-0: Called Strike
0-1: SINGLE (Groundball, 34S) (infield hit)
Víctor Hernández scores
Mario Jacome to third
Batting: RHB Mason Holling 0-0: Ball
1-0: Swinging Strike
1-1: Ball
2-1: Ball
3-1: Base on Balls
Ron Spence to second
Batting: RHB Esteban Olivo 0-0: Ball
1-0: Called Strike
1-1: Swinging Strike
1-2: Ball
2-2: Foul Ball, location: 2F
2-2: Foul Ball, location: 2F
2-2: Ball
3-2: Base on Balls
Mario Jacome scores
Ron Spence to third
Mason Holling to second
Batting: RHB Bob Miller 0-0: Swinging Strike
0-1: Foul Ball, location: 2F
0-2: Ball
1-2: Ball
2-2: DOUBLE (Flyball, 89D)
Ron Spence scores
Mason Holling scores
Esteban Olivo to third
Runner from 3rd tries for Home, SAFE, no throw
Batting: RHB Enrique Rocha 0-0: Called Strike
0-1: Foul Ball, location: 2F
0-2: Foul Ball, location: 2F
0-2: Ball
1-2: Foul Ball, location: 2F
1-2: Ball
2-2: Foul Ball, location: 2F
2-2: Ball
3-2: Fly out, F6 (Line Drive, 56)
Top of the 2nd over - 5 runs, 2 hits, 1 error, 1 left on base; Asheville 5 - Lannister United 0
BOTTOM OF THE 2ND
Lannister United Lionhearts batting - Pitching for Asheville Highlanders : RHP Toshiharu Kuhabara
Batting: RHB José García 0-0: Called Strike
0-1: Ground out 5-3 (Groundball, 56)
Batting: LHB Juan Macíel 0-0: Called Strike
0-1: Foul Ball, location: 2F
0-2: Ball
1-2: Strikes out looking
Batting: RHB Carlos Pacheco 0-0: Ball
1-0: Ball
2-0: Ball
3-0: Called Strike
3-1: Ground out 6-3 (Groundball, 6S)
Bottom of the 2nd over - 0 runs, 0 hits, 0 errors, 0 left on base; Asheville 5 - Lannister United 0
TOP OF THE 3RD
Asheville Highlanders batting - Pitching for Lannister United Lionhearts : LHP Fernando Elías
Batting: RHB Víctor Hernández 0-0: Called Strike
0-1: Ground out 5-3 (Groundball, 5D)
Batting: SHB Robert Hillier 0-0: Ball
1-0: Fly out, F8 (Flyball, 78D)
Batting: RHB Mario Jacome 0-0: Ball
1-0: Called Strike
1-1: Ground out 3-1 (Groundball, 34)
Top of the 3rd over - 0 runs, 0 hits, 0 errors, 0 left on base; Asheville 5 - Lannister United 0
BOTTOM OF THE 3RD
Lannister United Lionhearts batting - Pitching for Asheville Highlanders : RHP Toshiharu Kuhabara
Batting: LHB Ramón García 0-0: Ball
1-0: Ball
2-0: Foul Ball, location: 2F
2-1: Ball
3-1: Called Strike
3-2: Base on Balls
Batting: RHB Breanainn Swartwood 0-0: Called Strike
Ramón García steals 2nd base
0-1: Ball
1-1: Foul Ball, location: 2F
1-2: Ball
2-2: Ball
3-2: Strikes out swinging
Batting: SHB Barney Heise 0-0: Ball
1-0: Ball
2-0: Foul Ball, location: 2F
2-1: Ground out 1-3 (Groundball, P)
Ramón García to third
Batting: LHB Sting Ray Robb 0-0: Ball
1-0: SINGLE (Line Drive, 89S)
Ramón García scores
Batting: LHB Ashley Thachi 0-0: Ball
1-0: Swinging Strike
1-1: Ball
2-1: Ball
3-1: Base on Balls
Sting Ray Robb to second
Batting: RHB Mareka Naidoo 0-0: Swinging Strike
0-1: Ball
1-1: Foul Ball, location: 2F
1-2: Ball
2-2: Foul Ball, location: 2F
2-2: Foul Ball, location: 2F
2-2: Ball
3-2: Foul Ball, location: 2F
3-2: SINGLE (Flyball, 89S)
Sting Ray Robb to third
Ashley Thachi to second
Sting Ray Robb scores
Ashley Thachi to third
Batting: RHB José García 0-0: Ball
1-0: SINGLE (Flyball, 89S)
Ashley Thachi scores
Mareka Naidoo to second
Runner from 2nd tries for 3rd, SAFE, no throw
Batting: LHB Juan Macíel 0-0: Called Strike
0-1: Ball
1-1: Fly out, F7 (Flyball, 7)
Bottom of the 3rd over - 3 runs, 3 hits, 0 errors, 2 left on base; Asheville 5 - Lannister United 3
TOP OF THE 4TH
Asheville Highlanders batting - Pitching for Lannister United Lionhearts : LHP Fernando Elías
Batting: RHB Marshall Attwood 0-0: Ground out 6-3 (Groundball, 56)
Batting: RHB Ron Spence 0-0: Ball
1-0: Swinging Strike
1-1: Ball
2-1: SINGLE (Groundball, 34D)
Pitching: RHP Manuel Torres
Batting: RHB Mason Holling 0-0: Grounds into double play, 5-4-3 (Groundball, 56)
Top of the 4th over - 0 runs, 1 hit, 0 errors, 0 left on base; Asheville 5 - Lannister United 3
BOTTOM OF THE 4TH
Lannister United Lionhearts batting - Pitching for Asheville Highlanders : RHP Toshiharu Kuhabara
Batting: RHB Carlos Pacheco 0-0: Ball
1-0: Fly out, F8 (Flyball, 8LD)
Batting: LHB Ramón García 0-0: Ball
1-0: SINGLE (Line Drive, 8RS)
Batting: RHB Breanainn Swartwood 0-0: Ball
Ramón García is caught stealing 2nd base
1-0: Ball
2-0: Swinging Strike
2-1: Called Strike
2-2: Ball
3-2: Base on Balls
Batting: SHB Barney Heise 0-0: Ball
1-0: Ball
2-0: Called Strike
2-1: Ball
3-1: Base on Balls
Breanainn Swartwood to second
Batting: LHB Sting Ray Robb 0-0: Called Strike
0-1: Swinging Strike
0-2: Fly out, F7 (Line Drive, 7)
Bottom of the 4th over - 0 runs, 1 hit, 0 errors, 2 left on base; Asheville 5 - Lannister United 3
TOP OF THE 5TH
Asheville Highlanders batting - Pitching for Lannister United Lionhearts : RHP Manuel Torres
Batting: RHB Esteban Olivo 0-0: Swinging Strike
0-1: Swinging Strike
0-2: Ball
1-2: Ball
2-2: Ball
3-2: Foul Ball, location: 2F
3-2: Foul Ball, location: 2F
3-2: Foul Ball, location: 2F
3-2: Ground out 5-3 (Groundball, 56)
Batting: RHB Bob Miller 0-0: Ball
1-0: Ball
2-0: SINGLE (Groundball, 56D)
Batting: RHB Enrique Rocha 0-0: Ball
1-0: Ball
2-0: Called Strike
2-1: Called Strike
2-2: Ball
3-2: Strikes out swinging
Batting: RHB Víctor Hernández 0-0: Ball
1-0: Called Strike
1-1: Swinging Strike
1-2: Fly out, F7 (Flyball, 7LM)
Top of the 5th over - 0 runs, 1 hit, 0 errors, 1 left on base; Asheville 5 - Lannister United 3
BOTTOM OF THE 5TH
Lannister United Lionhearts batting - Pitching for Asheville Highlanders : RHP Toshiharu Kuhabara
Batting: LHB Ashley Thachi 0-0: Ball
1-0: Ball
2-0: Ball
3-0: Base on Balls
Batting: RHB Mareka Naidoo 0-0: Foul Ball, location: 2F
0-1: Ball
1-1: Called Strike
1-2: Ball
2-2: Ball
3-2: Strikes out looking
Batting: RHB José García 0-0: Fly out, F9 (Line Drive, 89M)
Batting: LHB Juan Macíel 0-0: Called Strike
0-1: Foul Ball, location: 2F
0-2: Ball
1-2: Ball
2-2: Ball
3-2: Foul Ball, location: 2F
3-2: Fly out, F6 (Line Drive, 6)
Bottom of the 5th over - 0 runs, 0 hits, 0 errors, 1 left on base; Asheville 5 - Lannister United 3
TOP OF THE 6TH
Asheville Highlanders batting - Pitching for Lannister United Lionhearts : RHP Manuel Torres
Batting: SHB Robert Hillier 0-0: Ball
1-0: Called Strike
1-1: SINGLE (Groundball, 34D)
Batting: RHB Mario Jacome 0-0: Swinging Strike
0-1: Ball
1-1: Foul Ball, location: 2F
1-2: Strikes out swinging
Batting: RHB Marshall Attwood 0-0: Foul Ball, location: 2F
0-1: Fly out, F9 (Flyball, 89S)
Batting: RHB Ron Spence 0-0: Ball
1-0: Ball
2-0: Ground out 6-3 (Groundball, 6)
Top of the 6th over - 0 runs, 1 hit, 0 errors, 1 left on base; Asheville 5 - Lannister United 3
BOTTOM OF THE 6TH
Lannister United Lionhearts batting - Pitching for Asheville Highlanders : RHP Toshiharu Kuhabara
Batting: RHB Carlos Pacheco 0-0: Ball
1-0: Called Strike
1-1: Ball
2-1: Foul Ball, location: 2F
2-2: SOLO HOME RUN (Flyball, 7LD), Distance : 335 ft
Batting: LHB Ramón García 0-0: Ball
1-0: Foul Ball, location: 2F
1-1: Called Strike
1-2: Ground out U3 (Groundball, 34S)
Batting: RHB Breanainn Swartwood 0-0: Called Strike
0-1: Fly out, F3 (Popup, 3SF)
Batting: SHB Barney Heise 0-0: Swinging Strike
0-1: Foul Ball, location: 2F
0-2: Ball
1-2: Ball
2-2: Foul Ball, location: 2F
2-2: Ball
3-2: Foul Ball, location: 2F
3-2: Foul Ball, location: 2F
3-2: SINGLE (Groundball, 34D)
Pitching: LHP Manabu Kato
Batting: LHB Sting Ray Robb 0-0: Ball
1-0: Swinging Strike
1-1: Called Strike
1-2: Strikes out swinging
Bottom of the 6th over - 1 run, 2 hits, 0 errors, 1 left on base; Asheville 5 - Lannister United 4
TOP OF THE 7TH
Asheville Highlanders batting - Pitching for Lannister United Lionhearts : RHP Manuel Torres
Batting: RHB Mason Holling 0-0: Ball
1-0: Ball
2-0: Called Strike
2-1: SINGLE (Groundball, 23) (infield hit)
Pitching: LHP Tadeo Pico
Batting: RHB Esteban Olivo 0-0: Sac Bunt - play at first, batter OUT! 3-4
Mason Holling to second
Batting: RHB Bob Miller 0-0: Called Strike
0-1: Ball
1-1: Swinging Strike
1-2: Foul Ball, location: 2F
1-2: Ball
Wild Pitch!
Mason Holling to third
2-2: Ground out 5-3 (Groundball, 56)
Batting: RHB Enrique Rocha 0-0: Called Strike
0-1: Ball
1-1: Foul Ball, location: 2F
1-2: Ball
2-2: Strikes out looking
Top of the 7th over - 0 runs, 1 hit, 0 errors, 1 left on base; Asheville 5 - Lannister United 4
BOTTOM OF THE 7TH
Lannister United Lionhearts batting - Pitching for Asheville Highlanders : LHP Manabu Kato
Batting: LHB Ashley Thachi 0-0: Swinging Strike
0-1: Ball
1-1: Ball
2-1: Ground out 4-3 (Groundball, 4)
Batting: RHB Mareka Naidoo 0-0: Ball
1-0: Ball
2-0: Foul Ball, location: 2F
2-1: Foul Ball, location: 2F
2-2: Ball
3-2: SINGLE (Flyball, 78M)
Batting: RHB José García 0-0: Called Strike
0-1: Called Strike
0-2: Fielders Choice at 2nd, 3-6 (Groundball, 3)
Batting: LHB Juan Macíel 0-0: Foul Ball, location: 2F
0-1: Swinging Strike
0-2: Ground out 4-3 (Groundball, 4D)
Bottom of the 7th over - 0 runs, 1 hit, 0 errors, 1 left on base; Asheville 5 - Lannister United 4
TOP OF THE 8TH
Asheville Highlanders batting - Pitching for Lannister United Lionhearts : LHP Tadeo Pico
Batting: RHB Víctor Hernández 0-0: Foul Ball, location: 2F
0-1: Swinging Strike
0-2: Ground out 4-3 (Groundball, 4M)
Batting: SHB Robert Hillier 0-0: SINGLE (Groundball, 4M) (infield hit)
Batting: RHB Mario Jacome 0-0: Ball
1-0: Ball
2-0: Foul Ball, location: 2F
2-1: Ball
3-1: Called Strike
3-2: Base on Balls
Robert Hillier to second
Batting: RHB Marshall Attwood 0-0: Ground out 6-3 (Groundball, 6S)
Robert Hillier to third
Mario Jacome to second
Batting: RHB Ron Spence 0-0: Ball
1-0: Ball
2-0: Called Strike
2-1: Ball
3-1: Fly out, F7 (Flyball, 7LS)
Top of the 8th over - 0 runs, 1 hit, 0 errors, 2 left on base; Asheville 5 - Lannister United 4
BOTTOM OF THE 8TH
Lannister United Lionhearts batting - Pitching for Asheville Highlanders : LHP Manabu Kato
Batting: RHB Carlos Pacheco 0-0: Foul Ball, location: 2F
0-1: Foul Ball, location: 2F
0-2: Ball
1-2: Ball
2-2: SINGLE (Flyball, 8LS)
Pitching: LHP José Fuentes
Pinch Runner at 1st Andrés Escobar:
Batting: LHB Ramón García 0-0: Ball
1-0: Bunted foul
1-1: Bunt missed!
1-2: Ball
2-2: 2-RUN HOME RUN (Flyball, 9LD), Distance : 335 ft
Batting: RHB Breanainn Swartwood 0-0: Ball
1-0: Called Strike
1-1: Called Strike
1-2: Foul Ball, location: 2F
1-2: Ball
2-2: Ball
3-2: Base on Balls
Batting: SHB Barney Heise 0-0: Sac Bunt - play at first, batter OUT! 1-4
Breanainn Swartwood to second
Pinch Hitting: RHB Ron Morton 0-0: Ground out 4-3 (Groundball, 4)
Breanainn Swartwood to third
Batting: LHB Ashley Thachi 0-0: Swinging Strike
0-1: Called Strike
0-2: Strikes out swinging
Bottom of the 8th over - 2 runs, 2 hits, 0 errors, 1 left on base; Asheville 5 - Lannister United 6
TOP OF THE 9TH
Asheville Highlanders batting - Pitching for Lannister United Lionhearts : LHP Tadeo Pico
Now at 1B: Ron Morton
Now in CF: Andrés Escobar
Batting: RHB Mason Holling 0-0: Ball
1-0: Ball
2-0: Foul Ball, location: 2F
2-1: Foul Ball, location: 2F
2-2: Fly out, F8 (Flyball, 8RD)
Batting: RHB Esteban Olivo 0-0: Ball
1-0: Foul Ball, location: 2F
1-1: Ground out 1-3 (Groundball, 13S)
Batting: RHB Bob Miller 0-0: Ball
1-0: Ball
2-0: Called Strike
2-1: Called Strike
2-2: Strikes out swinging
Top of the 9th over - 0 runs, 0 hits, 0 errors, 0 left on base; Asheville 5 - Lannister United 6
Tuesday, December 19th, 2017 - OOTP Baseball 18.8 Build 76